 Dungeon Crawl Stone Soup version 0.32-a0-938-g40ac7a0f4d (webtiles) character file.

Game seed: 10174937710317074931

177 GiantSquids the Apothecary (level 5, -3/31 HPs)
             Began as an Octopode Alchemist on Apr 15, 2024.
             Shot with an arrow by a centaur (18 damage)
             ... on level 3 of the Dungeon on Apr 16, 2024.
             The game lasted 00:07:44 (2413 turns).

GiantSquids the Apothecary (Octopode Alchemist)     Turns: 2413, Time: 00:07:45

Health: -3/31      AC:  1    Str:  7    XL:     5   Next: 57%
Magic:  5/8        EV: 12    Int: 22    God:
Gold:   140        SH:  0    Dex: 17    Spells: 3/8 levels left

rFire   . . .        l - +7 mace of Courage {flame, rC+ Int+3 Dex+4}
rCold   + . .        (no shield)
rNeg    . . .        (helmet restricted)
rPois   .            (no amulet)
rElec   .            (no ring)
rCorr   .            (no ring)
SInv    .            (no ring)
Will    .....        (no ring)
Stlth   ++++         (no ring)
HPRegen 0.25/turn    (no ring)
MPRegen 0.11/turn    (no ring)
                     (no ring)

%: no passive effects
@: no status effects
A: almost no armour, amphibious, 8 rings, camouflage 1, gelatinous body 1,
(nimble swimmer 1), tentacles
a: no special abilities


You were on level 3 of the Dungeon.
You visited 1 branch of the dungeon, and saw 3 of its levels.

You collected 140 gold pieces.

Inventory:

Hand Weapons
 l - the +7 mace of Courage (weapon) {flame, rC+ Int+3 Dex+4}
   (You found it on level 2 of the Dungeon)

   Int+3:     It affects your intelligence (+3).
   Dex+4:     It affects your dexterity (+4).
   rC+:       It protects you from cold.
Scrolls
 g - 3 scrolls of vulnerability {unknown}
 i - a scroll of blinking {unknown}
 j - a scroll of poison {unknown}
Potions
 a - a potion of magic
 b - a potion of mutation {unknown}
 c - a potion of lignification {unknown}
 d - 2 potions of might {unknown}
 e - 3 potions of curing {unknown}
 f - a potion of degeneration {unknown}
 h - a potion of invisibility {unknown}
 k - 3 potions of heal wounds {unknown}
 m - a potion of berserk rage {unknown}


   Skills:
 - Level 2.0 Dodging
 - Level 5.0 Stealth
 - Level 2.0 Spellcasting
 - Level 1.0 Conjurations
 * Level 5.8 Alchemy


You had 3 spell levels left.
You knew the following spells:

 Your Spells              Type           Power      Damage    Failure   Level
a - Sting                 Conj/Alch      68%        1d7       3%          1
b - Olgreb's Toxic Radia  Alch           27%        N/A       12%         4

Your spell library contained the following spells:

 Spells                   Type           Power      Damage    Failure   Level
 Mercury Vapours          Alch/Air       30%        N/A       6%          2
 Kiss of Death            Conj/Necr      16%        2d6       11%         1
 Mephitic Cloud           Conj/Alch/Air  12%        N/A       16%         3
 Ensorcelled Hibernation  Hex/Ice        4%         N/A       21%         2
 Sublimation of Blood     Necr           2%         N/A       21%         2
 Confusing Touch          Hex            2%         N/A       38%         3
 Fugue of the Fallen      Necr           2%         N/A       38%         3
 Petrify                  Alch/Erth      15%        N/A       38%         4
 Sticky Flame             Fire/Alch      15%        2d5       38%         4
 Irradiate                Conj/Alch      8%         3d14      67%         5
 Anguish                  Hex/Necr       1%         N/A       80%         4
 Dispel Undead            Necr           2%         3d7       80%         4


Dungeon Overview and Level Annotations

Branches:
Dungeon (3/15)

Altars:
Ashenzari
Gozag

Shops:
D:2 :


Innate Abilities, Weirdness & Mutations

You cannot wear most types of armour.
You are amphibious.
You can wear up to eight rings at the same time.
Your skin changes colour to match your surroundings (Stealth+).
Your rubbery body absorbs attacks. (AC +1, EV +1)
((You are camouflaged when in or above water. (Stealth+)))
You have tentacles for arms and can constrict up to eight enemies at once.


Message History

The kobold hits you with a +0 whip.
You sock the kobold! You burn the kobold.
You kill the kobold!
Things that are here:
a +0 whip; a +0 leather armour HP restored.
A centaur comes into view.
Casting: Sting (safe; 3% risk of failure)
Confirm with . or Enter, or press ? or * to list all spells.
You can't see any susceptible monsters within range! (Use Z to cast anyway.)
Casting: Sting (safe; 3% risk of failure)
Confirm with . or Enter, or press ? or * to list all spells.
Aiming: Sting (safe; 3% risk of failure)
Press: ? - help, Shift-Dir - straight line, f - centaur
Aim: a centaur (asleep, 100% to hit)
The sting hits the centaur.
The centaur is poisoned.
The centaur is lightly wounded.
The centaur wields a +0 orcbow.
The centaur shoots an arrow.
The arrow hits you!
Casting: Sting (safe; 3% risk of failure)
Confirm with . or Enter, or press ? or * to list all spells.
Aiming: Sting (safe; 3% risk of failure)
Press: ? - help, Shift-Dir - straight line, f/p - centaur
Aim: a centaur, wielding a +0 orcbow (lightly wounded, poisoned, 84% to hit)
The sting hits the centaur but does no damage.
The centaur looks even sicker.
The centaur is lightly wounded.
The centaur shoots an arrow.
The arrow misses you.
Casting: Sting (safe; 3% risk of failure)
Confirm with . or Enter, or press ? or * to list all spells.
Aiming: Sting (safe; 3% risk of failure)
Press: ? - help, Shift-Dir - straight line, f/p - centaur
Aim: a centaur, wielding a +0 orcbow (moderately wounded, very poisoned, 84% to hit)
The sting hits the centaur.
The centaur looks even sicker.
The centaur is moderately wounded.
The centaur shoots an arrow.
The arrow hits you.
The centaur shoots an arrow.
The arrow hits you.
The centaur shoots an arrow.
The arrow hits you!!
Ouch! That really hurt!
You die...

.. ......♣.♣.......♣.♣.
###
.#...#.....#...#.....
##...♣....#....♣....#.#
...#...#.....#...#.....
##.......♣.♣.......♣.♣.
...♣.♣.......♣.♣......
#.....#...#.....#...#
#..#....♣....#....♣..
#.c.@.#...#.)...#...#
#.#.♣...#...♣.♣.....#
#....####......#.##
####.# ######...# ..#
#.### ... ...# ###
#####


You could see a centaur (very poisoned).

Vanquished Creatures
  An orc priest (D:2)
  Jessica (D:2)
  Terence (D:2)
  2 adders (D:2)
  A ribbon worm (D:2)
  2 dart slugs
  2 bats
  5 endoplasms
  4 giant cockroaches
  6 goblins
  8 hobgoblins
  8 jackals
  4 quokkas (D:1)
  5 ball pythons
  3 frilled lizards
  9 kobolds
  3 rats
65 creatures vanquished.

Notes
Turn   | Place    | Note
-------+----------+-------------------------------------------
     0 | D:1      | GiantSquids the Octopode Alchemist began the quest for the
                  | Orb.
     0 | D:1      | Reached XP level 1. HP: 11/11 MP: 3/3
    80 | D:1      | Reached XP level 2. HP: 13/17 MP: 1/5
   412 | D:1      | Reached XP level 3. HP: 20/21 MP: 2/6
   919 | D:2      | Noticed Terence
   929 | D:2      | Killed Terence
   930 | D:2      | Reached XP level 4. HP: 13/27 MP: 1/7
  1077 | D:2      | Found Muvacei's Vocational Training.
  1119 | D:2      | Reached skill level 5 in Alchemy
  1418 | D:2      | Found an opulent altar of Gozag.
  1430 | D:2      | Identified the +7 mace of Courage {flame, rC+ Int+3 Dex+4}
  1606 | D:2      | Learned a level 4 spell: Olgreb's Toxic Radiance
  1610 | D:2      | Noticed Jessica
  1616 | D:2      | Killed Jessica
  1617 | D:2      | Reached XP level 5. HP: 28/31 MP: 4/8
  2106 | D:2      | Reached skill level 5 in Stealth
  2155 | D:3      | Found a broken altar of Ashenzari.
  2191 | D:3      | Upgraded the game from 0.32-a0-933-ga8fa3634e4 to
                  | 0.32-a0-938-g40ac7a0f4d
  2406 | D:3      | Noticed a centaur
  2413 | D:3      | Shot with an arrow by a centaur

Illustrated notes

Levels and vault maps discovered:
D:1:      minmay_arrival_four_circles, layout_basic
D:2:      layout_basic, basic_altar, nicolae_shop_vocational, uniq_terence,
          uniq_jessica
D:3:      layout_basic, nicolae_ashenzari_skybound,
          nicolae_kite_square_tiling_tiny, grunt_ministairs_8, hex_intersection

Skill      XL: |  1  2  3  4  5 |
---------------+----------------+-----
Stealth        | 3 4 5 |  5.0
Alchemy        | 4 5 |  5.8
Dodging        | |  2.0
Spellcasting   | |  2.0
Conjurations   | |  1.0

Action                     |  1- 3 |  4- 6 || total
---------------------------+-------+-------++-------
  Melee: Unarmed           |    44 |    17 ||    61
         Tentacles         |    15 |     2 ||    17
         Constrict         |    10 |     6 ||    16
         Mace              |       |     8 ||     8
   Cast: Sting             |    38 |    40 ||    78
   Stab: Sleeping          |     1 |       ||     1
 Armour: Skin              |    20 |    22 ||    42
  Dodge: Dodged            |    21 |    22 ||    43

Table legend: (Time is in decaauts)
 A = Elapsed time spent in this place.
 B = Non-inter-level travel time spent in this place.
 C = Inter-level travel time spent in this place.
 D = Time resting spent in this place.
 E = Time spent auto-exploring this place.
 F = Levels seen in this place.
 G = Mean time per level.
                   A        B        C        D        E       F      G
               +--------+--------+--------+--------+--------+-----+--------+
         Total |   2415 |   2366 |     49 |      6 |   1879 |   3 |  805.0 |
       Dungeon |   2415 |   2366 |     49 |      6 |   1879 |   3 |  805.0 |
               +--------+--------+--------+--------+--------+-----+--------+

Top non-repeatable levels by time:
     D:2: 1284 daAuts
     D:1: 855 daAuts
     D:3: 275 daAuts
